 Dungeon Crawl Stone Soup version 0.27-a0-1051-g288ea87c7c (webtiles) character file.

Game seed: 14387902929701458670

493 porpoise the Magician (level 7, 53/53 HPs)
             Began as a Djinni Venom Mage on Apr 20, 2021.
             Quit the game on level 4 of the Dungeon.
             The game lasted 00:14:21 (4967 turns).

porpoise the Magician (Djinni Venom Mage)           Turns: 4967, Time: 00:14:22

Health: 53/53      AC:  3    Str:  7    XL:     7   Next: 15%
Gold:   22         EV: 12    Int: 19    God:
                   SH:  0    Dex: 13

rFire    + + .     SeeInvis .   a - +0 mace
rCold    x . .     Faith    .   (no shield)
rNeg     . . .     Spirit   .   c - +0 robe
rPois    ∞         Reflect  .   (no helmet)
rElec    .         Harm     .   (no cloak)
rCorr    .         Rampage  .   o - +0 pair of gloves
Will     .....                  (boots unavailable)
Stlth    ++........             (no amulet)
HPRegen  0.17/turn              (no ring)
MPRegen  0.00/turn              (no ring)

@: flying
A: fire resistance 2, cold vulnerability 1, float, innate caster, hp casting,
extra vitality 1
a: no special abilities


You were on level 4 of the Dungeon.
You visited 1 branch of the dungeon, and saw 4 of its levels.

You collected 117 gold pieces.
You spent 95 gold pieces at shops.

Inventory:

Hand Weapons
 a - a +0 mace (weapon)
 b - a +0 hunting sling
 f - a +0 whip of electrocution
Missiles
 e - 91 stones
 h - 34 sling bullets
 i - 51 bolts
 m - 13 poisoned darts
 n - 39 arrows
Armour
 c - a +0 robe (worn)
 k - a +0 buckler
 o - a +0 pair of gloves (worn)
Scrolls
 d - 3 scrolls of identify
 r - a scroll of blinking
Potions
 j - 2 potions of brilliance
 q - a potion of lignification
 s - 2 potions of curing


   Skills:
 + Level 4.9 Fighting
 - Level 2.1 Dodging
 - Level 1.5 Stealth
 + Level 5.1 Spellcasting


You couldn't memorise any spells.
You knew the following spells:

 Your Spells              Type           Power      Damage    Failure   Level
a - Sting                 Tmut/Pois      96%        1d7       1%          1
b - Corpse Rot            Necr/Air       N/A        N/A       2%          2
d - Tukima's Dance        Hex            24%        N/A       4%          3
i - Ignite Poison         Fire/Tmut/Pois 24%        N/A       4%          3
m - Mephitic Cloud        Conj/Pois/Air  24%        N/A       4%          3
o - Olgreb's Toxic Radia  Pois           24%        N/A       14%         4
r - Apportation           Tloc           48%        N/A       1%          1
v - Poisonous Vapours     Pois/Air       48%        N/A       2%          2
Your spell library was empty.

Dungeon Overview and Level Annotations

Branches:
Dungeon (4/15)
 Temple: D:4-7

Altars:
Fedhas

Shops:
D:3 ?

Annotations:
D:3 Dig


Innate Abilities, Weirdness & Mutations

You are immune to poison.
Your flesh is very heat resistant. (rF++)
You are vulnerable to cold. (rC-)
You float through the air rather than walking.
You learn spells naturally, not from books.
Your magical power is your life essence.
You have superior vitality. (+4 HP)


Message History

Press: ? - help, Shift-Dir - straight line, f - giant cockroach
Aim: a giant cockroach (76% to hit)
The sting hits the giant cockroach!
The giant cockroach is poisoned.
You kill the giant cockroach!
Adjust to which letter? (? for menu, Esc to quit)
a - a +0 mace;
f - a +0 whip of electrocution (weapon)
Your +0 whip of electrocution stops crackling.
a - a +0 mace (weapon)
You hit the howler monkey skeleton.
The howler monkey skeleton is lightly damaged.
The howler monkey skeleton hits you.
You hit the howler monkey skeleton.
The howler monkey skeleton is moderately damaged.
You feel your willpower return.
The howler monkey skeleton hits you but does no damage.
The howler monkey skeleton hits you.
You hit the howler monkey skeleton.
The howler monkey skeleton is heavily damaged.
The howler monkey skeleton closely misses you.
You hit the howler monkey skeleton.
The howler monkey skeleton is almost destroyed.
The howler monkey skeleton hits you.
You hit the howler monkey skeleton.
The howler monkey skeleton is almost destroyed.
The howler monkey skeleton closely misses you. x2
You hit the howler monkey skeleton.
You destroy the howler monkey skeleton!
You start resting.
HP restored.
Unknown command.
Unknown command.
Casting: Sting (safe; 1% risk of failure)
Confirm with . or Enter, or press ? or * to list all spells.
Okay, then.
Unknown command.
Save game and exit?
Okay, then.
Unknown command.
Unknown command.
Are you sure you want to abandon this character and quit the game? (Confirm with "yes".)

,,,,,,,,,#..,,,,,,,,,,,*
*,**,**,**#..******,,,****
*,**,**,*##..######,,,,,,*
,,,,,,,,<.........#,,,,,**
,,,,,,,,,........<#,,,,,*
,,,,,,,,,.........#,,,,,*
,***,,***#..###..##,,#*****
,***,,**#######..##..###,,*
,,*,,,,,........@.......,,*
,,*,,,,,........†.......,,*
,,*,,,,,................,,*
,**,,,**##..##....#..##.,****
,********#..*#..######*,,,,,*
,*,,,,,,..$,,....* *,,,,,**
,+,,,,,,..,,.....* *,,,,,*
,*,,,,,,,,,......* *,,,,,*
*****,,,**,,**,,** **,*,,*


There were no monsters in sight!

Vanquished Creatures
  An orc warrior (D:3)
  A howler monkey (D:2)
  A gnoll shaman (D:2)
  A hound (D:4)
  An orc priest (D:3)
  Terence (D:3)
  9 gnolls
  A howler monkey skeleton (D:4)
  6 adders
  4 dart slugs
  2 orcs (D:3)
  9 ball pythons
  2 endoplasms (D:2)
  5 giant cockroaches
  4 goblins
  7 hobgoblins
  4 jackals (D:3)
  8 quokkas
  3 bats
  2 frilled lizards (D:2)
  7 kobolds
  6 rats
85 creatures vanquished.

Vanquished Creatures (collateral kills)
  A gnoll (D:3)
1 creature vanquished.

Vanquished Creatures (others)
  2 plants (D:3)
2 creatures vanquished.

Grand Total: 88 creatures vanquished

Notes
Turn   | Place    | Note
-------+----------+-------------------------------------------
     0 | D:1      | porpoise the Djinni Venom Mage began the quest for the Orb.
     0 | D:1      | Reached XP level 1. HP: 15/15 MP: 0/0
   477 | D:1      | Reached skill level 3 in Spellcasting
   477 | D:1      | Reached XP level 2. HP: 11/22 MP: 0/0
   498 | D:1      | Reached skill level 1 in Fighting
   925 | D:1      | Reached XP level 3. HP: 10/27 MP: 0/0
   925 | D:1      | Learned a level 1 spell: Apportation
  1864 | D:2      | Reached XP level 4. HP: 33/33 MP: 0/0
  2871 | D:2      | Reached XP level 5. HP: 21/40 MP: 0/0
  2871 | D:2      | Learned a level 2 spell: Corpse Rot
  2878 | D:2      | Reached skill level 4 in Spellcasting
  3822 | D:2      | Reached XP level 6. HP: 46/47 MP: 0/0
  3863 | D:3      | Noticed Terence
  3868 | D:3      | Killed Terence
  4012 | D:3      | Found Erphachum's Magic Scroll Emporium.
  4016 | D:3      | Found a blossoming altar of Fedhas.
  4022 | D:3      | Bought a scroll of blinking for 75 gold pieces
  4022 | D:3      | Bought a scroll of identify for 20 gold pieces
  4028 | D:3      | Noticed an orc warrior
  4033 | D:3      | Killed an orc warrior
  4334 | D:3      | Reached skill level 5 in Spellcasting
  4334 | D:3      | Reached XP level 7. HP: 49/53 MP: 0/0
  4334 | D:3      | Learned a level 3 spell: Tukima's Dance
  4967 | D:4      | Quit the game

Illustrated notes

Levels and vault maps discovered:
D:1:      ncdulo_smallfort, layout_basic, roderic_roman_lattice,
          interstate_on_off, minmay_small_reverse_x
D:2:      layout_basic, kennysheep_generic_room_13
D:3:      layout_rooms, fedhas_altar_1, gup_sewer_entry_spiral, serial_shops,
          nicolae_shop_window_shopping, due_unseen_surprise, uniq_terence
D:4:      black_bear_nest_1, layout_gridville

Skill      XL: |  1  2  3  4  5  6 |
---------------+-------------------+-----
Spellcasting   | 3 4 5 |  5.1
Fighting       | 1 2 3 4 |  4.9
Dodging        | |  2.1
Stealth        | |  1.5

Action                   |  1- 3 |  4- 6 |  7- 9 || total
-------------------------+-------+-------+-------++-------
Melee: Mace              |    21 |    24 |     6 ||    51
       Whip              |       |     8 |    26 ||    34
 Fire: Hunting sling     |     1 |    62 |       ||    63
 Cast: Sting             |    41 |    34 |     8 ||    83
       Ignite Poison     |       |     7 |       ||     7
       Poisonous Vapours |       |    12 |       ||    12
       Corpse Rot        |       |     1 |       ||     1
       Tukima's Dance    |       |       |     1 ||     1
  Use: Scroll            |       |     3 |     4 ||     7
 Stab: Sleeping          |       |       |     1 ||     1
Armor: Robe              |     7 |     5 |     6 ||    18
Dodge: Dodged            |    21 |    31 |    26 ||    78

Table legend: (Time is in decaauts)
 A = Elapsed time spent in this place.
 B = Non-inter-level travel time spent in this place.
 C = Inter-level travel time spent in this place.
 D = Time resting spent in this place.
 E = Time spent auto-exploring this place.
 F = Levels seen in this place.
 G = Mean time per level.
                   A        B        C        D        E       F      G
               +--------+--------+--------+--------+--------+-----+--------+
         Total |   4988 |   4807 |    181 |   2042 |   2075 |   4 | 1247.0 |
       Dungeon |   4988 |   4807 |    181 |   2042 |   2075 |   4 | 1247.0 |
               +--------+--------+--------+--------+--------+-----+--------+

Top non-repeatable levels by time:
     D:2: 2210 daAuts
     D:1: 1585 daAuts
     D:3: 991 daAuts
     D:4: 201 daAuts
